 Dungeon Crawl Stone Soup version 0.31-a0-876-gfe8ebadbca (webtiles) character file.

Game seed: 88041411844310071

239 Shayle the Ruffian (level 6, 0/47 HPs)
             Began as a Human Shapeshifter on Oct 13, 2023.
             Slain by an orc
             ... wielding a +0 hand axe
              (6 damage)
             ... on level 3 of the Dungeon.
             The game lasted 00:04:16 (2034 turns).

Shayle the Ruffian (Human Shapeshifter)             Turns: 2034, Time: 00:04:16

Health: 0/47       AC:  2    Str: 13 (15) XL:     6   Next: 29%
Magic:  6/6        EV: 12    Int:  9 (12) God:
Gold:   108        SH:  0    Dex: 10 (12) Spells: 5/5 levels left

rFire   . .          .
                       - Unarmed
rCold   . . .        (no shield)
rNeg    . . .        a - +0 animal skin
rPois   .            (helmet currently unavailable)
rElec   .            (cloak currently unavailable)
rCorr   .            (gloves currently unavailable)
SInv    .            (boots currently unavailable)
Will    .....        (no amulet)
Stlth   +            (no ring)
HPRegen 0.27/turn    (no ring)
MPRegen 0.10/turn

%: no passive effects
@: mighty, beast-form
A: beast (slay +2)
a: Begin Untransformation


You were on level 3 of the Dungeon.
You were a hulking beast.
You visited 1 branch of the dungeon, and saw 3 of its levels.

You collected 108 gold pieces.

Inventory:

Hand Weapons
 p - a +2 dagger of pain
 q - a +2 vampiric dagger
Missiles
 b - 2 throwing nets
 e - 6 datura-tipped darts
Armour
 a - a +0 animal skin (worn)
 g - a +2 cloak
Talismans
 c - a beast talisman (active)
 d - a flux talisman
Scrolls
 h - 2 scrolls of enchant weapon {unknown}
 i - 2 scrolls of poison {unknown}
 j - a scroll of identify {unknown}
 k - a scroll of acquirement {unknown}
 m - a scroll of immolation {unknown}
 n - a scroll of teleportation {unknown}
 o - 4 scrolls of vulnerability {unknown}
Potions
 l - a potion of curing {unknown}


   Skills:
 + Level 3.0 Fighting
 + Level 3.4 Dodging
 + Level 4.1 Unarmed Combat
 + Level 4.0 Shapeshifting


You had 5 spell levels left.
You didn't know any spells.
Your spell library was empty.

Dungeon Overview and Level Annotations

Branches:
Dungeon (3/15)

Altars:


Message History

An endoplasm comes into view.
Found a club.
The orc shouts!
The orc hits you with a +0 hand axe. The orc attacks as it pursues you!
The orc misses you.
The endoplasm quivers.
You hit the orc.
The orc is severely wounded.
The orc hits you from afar with a +0 trident!
You hit the endoplasm but do no damage. The orc hits you with a +0 hand axe.
The endoplasm barely misses you. The orc completely misses you.
You hit the endoplasm.
The endoplasm is lightly wounded.
The orc hits you with a +0 hand axe. The endoplasm freezes you.
You are frozen.
The orc barely misses you.
The orc shouts!
You hit the endoplasm.
The endoplasm is heavily wounded.
The orc barely misses you.
The endoplasm hits you but does no damage.
The orc misses you.
You hit the endoplasm.
The endoplasm is almost dead.
The orc hits you with a +0 hand axe.
* * * LOW HITPOINT WARNING * * *
The endoplasm closely misses you. The orc closely misses you.
Unknown command.
It was a potion of might.
You feel very mighty all of a sudden. The orc barely misses you.
The endoplasm freezes you.
You are frozen.
* * * LOW HITPOINT WARNING * * *
The orc barely misses you.
It was a potion of degeneration.
There was something very wrong with that liquid.
You feel weakened.
You feel dopey.
You feel clumsy. The orc hits you with a +0 hand axe.
You die...

#.....# .# #......# ..
o# #......## #.# .# ##
.#......# #.# .# ...
...####.# ###.##.##....
#....##.## #.....o......
# #......###.#.#o...)...
###..........#.#J###....
.....##.##...#.oh# #
####.##.####...#.# #
#.##.#.)))†...# #
#....#.####...#
######.... #...# ...#
#...# #....# .........
#.#..# .##...#..# #....#
.# ##.## #..#..


You could see 4 orcs and an endoplasm.

Vanquished Creatures
  A phantom (D:3)
  A scorpion (D:3)
  An orc wizard (D:3)
  An adder (D:2)
  4 dart slugs
  2 orcs (D:3)
  2 endoplasms
  5 giant cockroaches
  11 goblins
  A hobgoblin (D:1)
  9 jackals
  3 quokkas (D:1)
  5 ball pythons
  6 bats
  A frilled lizard (D:1)
  6 rats
59 creatures vanquished.

Notes
Turn   | Place    | Note
-------+----------+-------------------------------------------
     0 | D:1      | Shayle the Human Shapeshifter began the quest for the Orb.
     0 | D:1      | Reached XP level 1. HP: 15/15 MP: 1/1
    91 | D:1      | Reached XP level 2. HP: 21/21 MP: 2/2
   204 | D:1      | Reached XP level 3. HP: 26/26 MP: 3/3
   593 | D:2      | Found a faded altar of an unknown god.
   910 | D:2      | Reached XP level 4. HP: 28/33 MP: 4/4
  1270 | D:3      | Noticed a scorpion
  1285 | D:3      | Killed a scorpion
  1286 | D:3      | Reached XP level 5. HP: 22/39 MP: 5/5
  1570 | D:3      | Noticed a phantom
  1602 | D:3      | Killed a phantom
  1603 | D:3      | Reached XP level 6. HP: 29/46 MP: 6/6
  2034 | D:3      | Slain by an orc

Illustrated notes

Levels and vault maps discovered:
D:1:      psy_arrival_terrarium, layout_rooms
D:2:      layout_basic, nicolae_ecumenical_pavilion
D:3:      layout_rooms, chequers_serial_rivers_micro_a, minmay_goblin_outpost

Skill      XL: |  1  2  3  4  5  6 |
---------------+-------------------+-----
Fighting       | 2 3 |  3.0
Dodging        | 3 |  3.4
Unarmed Combat | 4 |  4.1
Shapeshifting  | 4 |  4.0

Action                     |  1- 3 |  4- 6 || total
---------------------------+-------+-------++-------
  Melee: Unarmed           |    91 |   104 ||   195
         Punch             |     1 |     2 ||     3
    Use: Potion            |       |     4 ||     4
 Armour: Animal skin       |    67 |    69 ||   136
         Skin              |       |    16 ||    16
  Dodge: Dodged            |    75 |    73 ||   148

Table legend: (Time is in decaauts)
 A = Elapsed time spent in this place.
 B = Non-inter-level travel time spent in this place.
 C = Inter-level travel time spent in this place.
 D = Time resting spent in this place.
 E = Time spent auto-exploring this place.
 F = Levels seen in this place.
 G = Mean time per level.
                   A        B        C        D        E       F      G
               +--------+--------+--------+--------+--------+-----+--------+
         Total |   2022 |   1979 |     43 |    120 |   1346 |   3 |  674.0 |
       Dungeon |   2022 |   1979 |     43 |    120 |   1346 |   3 |  674.0 |
               +--------+--------+--------+--------+--------+-----+--------+

Top non-repeatable levels by time:
     D:3: 769 daAuts
     D:2: 664 daAuts
     D:1: 589 daAuts
